 Dungeon Crawl Stone Soup version 0.21.1-1-g345015f (webtiles) character file.

824 Kurtz the Ruffian (level 7, 0/52 HPs)
             Began as a Mummy Monk on May 30, 2018.
             Slain by a centaur
             ... wielding a +0 scythe
              (6 damage)
             ... on level 6 of the Dungeon.
             The game lasted 00:08:01 (9056 turns).

Kurtz the Ruffian (Mummy Monk)                      Turns: 9056, Time: 00:08:02

Health: 0/52       AC:  4    Str: 17    XL:     7   Next: 64%
Magic:  7/7        EV: 10    Int:  9    God:
Gold:   197        SH:  9    Dex: 14    Spells: 6/6 levels left

rFire    x . .     SeeInvis .     - Unarmed
rCold    + . .     Gourm    .   i - +0 shield
rNeg     + + +     Faith    .   (no armour)
rPois    ∞         Spirit   .   (no helmet)
rElec    .         Reflect  .   (no cloak)
rCorr    .         Harm     .   (no gloves)
MR       .....                  h - +0 pair of boots
Stlth    ++........             (no amulet)
HPRegen  0.17/turn              c - +3 ring of protection
MPRegen  0.10/turn              (no ring)

@: no status effects
A: no food or potions, fire vulnerability, cold resistance 1, negative energy
resistance 3, torment resistance, unbreathing
a: no special abilities


You were on level 6 of the Dungeon.
You were not hungry.

You visited 1 branch of the dungeon, and saw 6 of its levels.

You collected 197 gold pieces.

Inventory:

Armour
 h - a +0 pair of boots (worn)
 i - a +0 shield (worn)
Jewellery
 c - a +3 ring of protection (left hand)
Wands
 d - a wand of acid (7)
 j - a wand of polymorph (10)
Scrolls
 a - 5 scrolls of remove curse
 b - 2 scrolls of identify {unknown}
 e - a scroll of enchant weapon {unknown}
 f - a scroll of random uselessness {unknown}
 g - a scroll of fear {unknown}
 k - a scroll of teleportation {unknown}
 l - 2 scrolls of amnesia {unknown}


   Skills:
 - Level 3.0 Fighting
 - Level 2.4 Dodging
 - Level 1.5 Stealth
 * Level 3.1 Shields
 * Level 6.8 Unarmed Combat


You had 6 spell levels left.
You didn't know any spells.

Dungeon Overview and Level Annotations

Branches:
Dungeon (6/15)
 Temple: D:4-7

Altars:
Uskayaw

Annotations:
D:5 exclusion: jelly


Innate Abilities, Weirdness & Mutations

You do not eat or drink.
Your flesh is vulnerable to fire.
You are immune to poison.
Your flesh is cold resistant. (rC+)
You are immune to negative energy. (rN+++)
You are immune to unholy pain and torment.
You can survive without breathing.


Message History

You hit the centaur.
The centaur is moderately wounded.
The centaur misses you.
You closely miss the centaur.
The centaur is moderately wounded.
The centaur zaps a wand.
You are blasted!
You block the centaur's attack.
You hit the centaur but do no damage.
The centaur is moderately wounded.
The centaur zaps a wand.
You are blasted!
You punch the centaur!
The centaur is severely wounded.
The centaur closely misses you.
You hit the centaur.
The centaur is almost dead.
The centaur zaps a wand.
You are blasted!
* * * LOW HITPOINT WARNING * * *
You barely miss the centaur.
The centaur is almost dead.
The centaur hits you with a scythe.
You die...

... .# # #.# .# .# ##.#
##.##.# #..# #.....# #..#
#..... ...####..#######
#...######.....c.........
#.)..<....... #@.#####
........##... #.)....#
#.#.###.# #.# #.####.#
#.#.###.# #.# #.#
#....##†# #.# #.#
......#.###.## #.#
#............###.####.#
###.###.###...........#
### #.# #.#...........


You could see a centaur.

Vanquished Creatures
  An ice beast (D:5)
  An ogre (D:5)
  A bullfrog (D:5)
  Blork the orc (D:5)
  A scorpion (D:4)
  A howler monkey (D:5)
  A crimson imp (D:5)
  A hound (D:4)
  A centaur skeleton (D:4)
  A jelly (D:5)
  Ijyb (D:4)
  An orc wizard (D:5)
  3 worker ants
  2 hound skeletons
  A worker ant zombie (D:6)
  6 adders
  An ooze (D:1)
  An adder skeleton (D:5)
  2 worms
  2 dart slugs
  5 leopard geckos
  10 orcs
  4 bats
  3 giant cockroaches
  3 goblins
  7 hobgoblins
  6 jackals
  3 quokkas
  A ball python (D:2)
  6 frilled lizards
  8 kobolds
  A quokka skeleton (D:4)
  5 rats
92 creatures vanquished.

Notes
Turn   | Place    | Note
-------+----------+-------------------------------------------
     0 | D:1      | Kurtz the Mummy Monk began the quest for the Orb.
     0 | D:1      | Reached XP level 1. HP: 18/18 MP: 1/1
   224 | D:1      | Reached XP level 2. HP: 20/24 MP: 2/2
   228 | D:1      | Reached skill level 3 in Unarmed Combat
  1188 | D:2      | Reached XP level 3. HP: 24/29 MP: 3/3
  2061 | D:3      | Reached skill level 4 in Unarmed Combat
  2131 | D:3      | Reached XP level 4. HP: 29/35 MP: 4/4
  2470 | D:3      | Found a faded altar of an unknown god.
  2977 | D:4      | HP: 1/35 [scorpion (1)]
  2981 | D:4      | Reached XP level 5. HP: 2/41 MP: 5/5
  3451 | D:4      | Reached skill level 5 in Unarmed Combat
  4014 | D:4      | Noticed Ijyb
  4273 | D:4      | Killed Ijyb
  4273 | D:4      | Reached XP level 6. HP: 29/47 MP: 6/6
  4930 | D:5      | Entered Level 5 of the Dungeon
  5051 | D:5      | Found a hide-covered altar of Uskayaw.
  5265 | D:5      | Reached skill level 6 in Unarmed Combat
  6837 | D:5      | Reached skill level 1 in Shields
  6866 | D:5      | Noticed Blork the orc
  6891 | D:5      | Killed Blork the orc
  6891 | D:5      | Reached XP level 7. HP: 39/52 MP: 7/7
  9056 | D:6      | Slain by a centaur

Skill      XL: |  1  2  3  4  5  6  7 |
---------------+----------------------+-----
Unarmed Combat | 3 4 5 6 |  6.8
Shields        | 2 3 |  3.1
Fighting       | |  3.0
Dodging        | |  2.4
Stealth        | |  1.5

Action                   |  1- 3 |  4- 6 |  7- 9 || total
-------------------------+-------+-------+-------++-------
Melee: Unarmed           |   159 |   240 |   100 ||   499
       Punch             |     2 |     1 |       ||     3
  Use: Scroll            |       |       |     1 ||     1
 Stab: Sleeping          |     7 |     4 |       ||    11
Armor: Skin              |    22 |    20 |    13 ||    55
Dodge: Dodged            |   112 |   106 |    27 ||   245
Block: Shield            |       |     6 |    37 ||    43
